 Dungeon Crawl Stone Soup version 0.31.0-9-g3a7656b989 (webtiles) character file.

Game seed: 9580009824046550063

202 qw the Skirmisher (level 5, -1/29 HPs)
             Began as a Deep Elf Hunter on Feb 2, 2024.
             Was a Follower of Okawaru.
             Slain by an iguana (11 damage)
             ... on level 4 of the Dungeon.
             The game lasted 00:00:09 (2706 turns).

qw the Skirmisher (Deep Elf Hunter)                 Turns: 2706, Time: 00:00:09

Health: -1/29      AC:  7    Str: 10    XL:     5   Next: 50%
Magic:  7/7        EV: 11    Int: 14    God:    Okawaru [*.....]
Gold:   50         SH:  0    Dex: 18    Spells: 4/4 levels left

rFire   + . .        a - +2 shortbow
rCold   + . .        (shield currently unavailable)
rNeg    . . .        f - +2 ring mail
rPois   .            (no helmet)
rElec   .            i - scarf {rC+ rF+}
rCorr   .            (no gloves)
SInv    .            (no boots)
Will    .....        (no amulet)
Stlth   +            (no ring)
HPRegen 0.24/turn    (no ring)
MPRegen 0.10/turn

%: no passive effects
@: no status effects
A: no striking features
a: Renounce Religion, Heroism


You were on level 4 of the Dungeon.
You worshipped Okawaru.
Okawaru was aware of your devotion.
You visited 1 branch of the dungeon, and saw 4 of its levels.

You collected 146 gold pieces.
You spent 96 gold pieces at shops.


   Skills:
 - Level 1.5 Fighting
 + Level 8.9 Ranged Weapons
 - Level 2.4 Dodging
 - Level 1.2 Stealth
 + Level 1.0 Invocations


You had 4 spell levels left.
You didn't know any spells.
Your spell library was empty.

Inventory:

Hand Weapons
 a - a +2 shortbow (weapon)
Armour
 f - a +2 ring mail (worn)
 h - a +2 robe
 i - a scarf of resistance (worn)
Wands
 k - a wand of iceblast (18)
Scrolls
 b - a scroll of blinking {unknown}
 d - a scroll of identify
Potions
 c - a potion of haste
 e - a potion of might {unknown}
 g - a potion of curing
 j - a potion of enlightenment

Dungeon Overview and Level Annotations

Branches:
Dungeon (4/15)
 Temple: D:4-7

Altars:
Elyvilon
Gozag
Okawaru

Shops:
D:4 [


Message History

A hound comes into view.
You shoot an arrow.
The arrow hits the hound but does no damage.
The hound barks!
You shoot an arrow. The arrow hits the hound.
The hound is moderately wounded.
You shoot an arrow. The arrow hits the hound.
The hound is heavily wounded.
You shoot an arrow. The arrow hits the hound.
The hound is severely wounded.
You shoot an arrow. The arrow closely misses the hound.
The hound bites you but does no damage. x2
You shoot an arrow. The arrow hits the hound!
You kill the hound!
Okawaru accepts your kill.
Your Invocations skill increases to level 1!
You open the door.
An iguana comes into view.
The iguana hisses angrily.
You shoot an arrow.
The arrow hits the iguana but does no damage.
You shoot an arrow.
The arrow hits the iguana but does no damage.
You shoot an arrow. The arrow hits the iguana!
The iguana is severely wounded.
You shoot an arrow. The arrow hits the iguana.
The iguana is severely wounded.
The iguana bites you! The iguana barely misses you.
You shoot an arrow. The arrow barely misses the iguana.
The iguana bites you but does no damage.
You shoot an arrow. The arrow hits the iguana.
The iguana is severely wounded.
The iguana bites you!
You shoot an arrow. The arrow completely misses the iguana.
The iguana bites you.
You shoot an arrow. The arrow closely misses the iguana.
The iguana closely misses you.
You shoot an arrow. The arrow barely misses the iguana.
The iguana bites you!
You die...

###########
..........#
#.####'##..#
#.# ##.## .#
#.###...##
#'##.....#
...##...##
######
....##.##
#@...##
.7...#'#
#l##..##
....##.##
#.###..#
...##...##
... ##.####
#'##.....#
.... +.....#
...##...##
##...######.#
....##.##
##.## #.#
.....#'# ++#
#.# ....##.##
#.#


You could see an iguana.

Vanquished Creatures
  A hound (D:4)
  An orc priest (D:3)
  Ijyb (D:3)
  4 adders
  A gnoll (D:1)
  2 dart slugs (D:3)
  3 orcs (D:3)
  6 bats
  3 endoplasms
  2 giant cockroaches
  5 hobgoblins
  8 jackals
  8 kobolds
  2 quokkas
  3 ball pythons
  2 frilled lizards (D:3)
  6 goblins
  2 rats
60 creatures vanquished.

Notes
Turn   | Place    | Note
-------+----------+-------------------------------------------
     0 | D:1      | qw the Deep Elf Hunter began the quest for the Orb.
     0 | D:1      | Reached XP level 1. HP: 12/12 MP: 3/3
     0 | D:1      | 0 ||| qw: Version: 0.3-a-155-g5e7d8dd
     0 | D:1      | 0 ||| qw: Game counter: 2539
     0 | D:1      | 0 ||| qw: Melee chars always use a shield: true
     0 | D:1      | 0 ||| qw: God list: Okawaru
     0 | D:1      | 0 ||| qw: Allow faded altars: false
     0 | D:1      | 0 ||| qw: Do Orc after clearing Dungeon:15 true
     0 | D:1      | 0 ||| qw: Do second Lair branch before Depths: true
     0 | D:1      | 0 ||| qw: Lair rune preference: random
     0 | D:1      | 0 ||| qw: Goals: Normal
     0 | D:1      | 0 ||| PLANNING D:1-11
     2 | D:1      | Noticed an armataur
     2 | D:1      | Noticed a spriggan
     4 | D:1      | Noticed a gargoyle
     6 | D:1      | Noticed a ghoul
     8 | D:1      | Noticed a formicid
    10 | D:1      | Noticed a demigod
    10 | D:1      | Noticed an elf
    12 | D:1      | Noticed a barachi
    12 | D:1      | Noticed a vine stalker
    14 | D:1      | Noticed an oni
    14 | D:1      | Noticed a demonspawn
    16 | D:1      | Noticed a djinni
    16 | D:1      | Noticed a felid
    18 | D:1      | Noticed a naga
    18 | D:1      | Noticed a minotaur
    20 | D:1      | Noticed a merfolk
    20 | D:1      | Noticed a troll
    22 | D:1      | Noticed a draconian
    22 | D:1      | Noticed an octopode
    24 | D:1      | Noticed a tengu
    26 | D:1      | Noticed a human
    26 | D:1      | Noticed a vampire
   300 | D:1      | Found a faded altar of an unknown god.
   363 | D:1      | Reached skill level 6 in Ranged Weapons
   363 | D:1      | Reached XP level 2. HP: 16/16 MP: 4/4
   588 | D:1      | 588 ||| UPGRADING to +0 ring mail.
   598 | D:1      | 598 ||| DROPPING +0 leather armour.
   599 | D:1      | 599 ||| DROPPING +6 ring of intelligence.
   600 | D:1      | 600 ||| READING scroll labelled LENYLIWNIA.
   631 | D:1      | 631 ||| READING scroll labelled BIERIH BINUSOU.
   634 | D:1      | 634 ||| DRINKING 2 lumpy sapphire potions.
   635 | D:1      | 635 ||| DROPPING scroll of butterflies.
   849 | D:2      | Reached XP level 3. HP: 20/20 MP: 5/5
  1144 | D:2      | Reached skill level 7 in Ranged Weapons
  1392 | D:2      | Found an iron altar of Okawaru.
  1393 | D:2      | 1393 ||| PLANNING OKAWARU WORSHIP
  1393 | D:2      | 1393 ||| READING 2 scrolls labelled KOENOH WYMA.
  1393 | D:2      | 1393 ||| IDENTIFYING scroll labelled TECAIZ VYNU
  1394 | D:2      | 1394 ||| READING scroll of enchant weapon.
  1394 | D:2      | 1394 ||| ENCHANTING +0 shortbow.
  1402 | D:2      | Became a worshipper of Warmaster Okawaru
  1403 | D:2      | 1403 ||| PLANNING D:1-11
  1446 | D:2      | 1446 ||| READING scroll of enchant weapon.
  1446 | D:2      | 1446 ||| ENCHANTING +1 shortbow.
  1578 | D:2      | 1578 ||| READING scroll of identify.
  1578 | D:2      | 1578 ||| IDENTIFYING brown potion
  1631 | D:3      | Reached XP level 4. HP: 25/25 MP: 6/6
  1732 | D:3      | Found an opulent altar of Gozag.
  1732 | D:3      | Found a white marble altar of Elyvilon.
  2048 | D:3      | Reached skill level 8 in Ranged Weapons
  2153 | D:3      | Reached XP level 5. HP: 15/29 MP: 7/7
  2261 | D:3      | Noticed Ijyb
  2270 | D:3      | Killed Ijyb
  2270 | D:3      | Reached * piety under Okawaru
  2360 | D:3      | 2360 ||| UPGRADING to scarf of resistance.
  2365 | D:3      | 2365 ||| READING 2 scrolls of identify.
  2365 | D:3      | 2365 ||| IDENTIFYING fuming amethyst potion
  2366 | D:3      | 2366 ||| READING scroll of identify.
  2366 | D:3      | 2366 ||| IDENTIFYING sedimented ruby potion
  2367 | D:3      | 2367 ||| READING scroll labelled WEYNOY MITSUGO.
  2468 | D:3      | 2468 ||| READING 2 scrolls labelled GOACOI HANOA.
  2468 | D:3      | 2468 ||| ENCHANTING +0 ring mail.
  2469 | D:3      | 2469 ||| READING scroll of enchant armour.
  2469 | D:3      | 2469 ||| ENCHANTING +1 ring mail.
  2470 | D:3      | 2470 ||| DROPPING potion of degeneration.
  2637 | D:4      | Found Tem Doir's Antique Armour Shop.
  2645 | D:4      | 2645 ||| SHOPLISTING pair of distressingly furry boots (247
                  | gold, have 146).
  2645 | D:4      | 2645 ||| BUYING runed robe (96 gold).
  2645 | D:4      | Bought a runed robe for 96 gold pieces
  2672 | D:4      | Reached skill level 1 in Invocations
  2706 | D:4      | Slain by an iguana

Levels and vault maps discovered:
D:1:      kb_arrival_jail, layout_basic, serial_forest, infiniplex_forest_end_1,
          infiniplex_forest_straight_5, infiniplex_forest_end_2,
          infiniplex_forest_lined_corner, infiniplex_forest_clump_long,
          shapermc_ecumenical_altar_ellora
D:2:      layout_loops_corners, basic_altar, grunt_ministairs_7
D:3:      layout_loops_cross, gammafunk_temple_overflow_pools,
          kennysheep_generic_room_8, uniq_ijyb
D:4:      layout_loops_ring, serial_shops, nicolae_square_shop,
          nicolae_hexahallways, minmay_door_square, kennysheep_diamond,
          columned_hall_lemuel, st_stairs_10, uniq_grinder

Skill      XL: |  1  2  3  4  5 |
---------------+----------------+-----
Ranged Weapons | 6 7 8 |  8.9
Invocations    | 1 |  1.0
Fighting       | |  1.5
Dodging        | |  2.4
Stealth        | |  1.2

Action                     |  1- 3 |  4- 6 || total
---------------------------+-------+-------++-------
   Fire: Shortbow          |    95 |    93 ||   188
    Use: Scroll            |     6 |     5 ||    11
         Potion            |     1 |       ||     1
 Armour: Leather armour    |     5 |       ||     5
         Ring mail         |    18 |    35 ||    53
  Dodge: Dodged            |    19 |    25 ||    44

Table legend:
 A = Non-vault XP
 B = Vault XP
 C = Vault XP percentage of total XP
 D = Non-vault monster count
 E = Vault monster count
 F = Vault count percentage of total count
                 A         B        C        D         E       F
            +---------+---------+-------+---------+---------+-------
      Total |     225 |      64 |  22.1 |      56 |       4 |   6.7
            +---------+---------+-------+---------+---------+-------
        D:1 |      34 |       0 |   0.0 |      12 |       0 |   0.0
        D:2 |      34 |      16 |  32.0 |      19 |       2 |   9.5
        D:3 |     112 |      48 |  30.0 |      24 |       2 |   7.7
        D:4 |      45 |       0 |   0.0 |       1 |       0 |   0.0
            +---------+---------+-------+---------+---------+-------
